 Dungeon Crawl Stone Soup version 0.29-a0-284-gf9362112df (webtiles) character file.

Game seed: 8811026019759023423

70981 bwicke the Fighter (level 15, -5/101 HPs)
             Began as a Gargoyle Fighter on Mar 30, 2022.
             Was a High Priest of Makhleb.
             Slain by a skeletal warrior
             ... wielding a +1 scimitar
             ... led by a death knight
              (17 damage)
             ... on level 11 of the Dungeon.
             The game lasted 01:53:55 (21607 turns).

bwicke the Fighter (Gargoyle Fighter)              Turns: 21607, Time: 01:53:56

Health: -5/101     AC: 35    Str: 27    XL:     15   Next: 35%
Magic:  25/25      EV:  8    Int:  9    God:    Makhleb [*****.]
Gold:   1135       SH:  7    Dex:  9    Spells: 14/14 levels left

rFire   + . .      SeeInvis +   d - +1 whip (elec)
rCold   . . .      Faith    .   c - +2 buckler
rNeg    + . .      Spirit   .   N - +9 chain mail "Tamav" {rC- SInv Stlth+}
rPois   ∞          Reflect  .   f - +0 hat
rElec   +          Harm     .   (no cloak)
rCorr   .          Rampage  .   x - +1 Delatra's gloves {ID++}
Will    +....                   (no boots)
Stlth   ..........              j - amulet of the Coward {rPois rF- rC+ Regen+}
HPRegen 1.06/turn               z - ring of protection from cold
MPRegen 0.19/turn               a - ring "Daamuwetank" {Fire Drain Will+ Slay+3}

@: weak-willed, flying
A: sickness immunity, AC +11, big wings, negative energy resistance 1,
electricity resistance, torment resistance 1, petrification resistance, fire
resistance 1, wild magic 1
a: Renounce Religion, Minor Destruction, Lesser Servant of Makhleb, Major
Destruction, Greater Servant of Makhleb


You were on level 11 of the Dungeon.
You worshipped Makhleb.
Makhleb was extremely pleased with you.
You visited 3 branches of the dungeon, and saw 18 of its levels.

You collected 1180 gold pieces.
You spent 45 gold pieces at shops.

Inventory:

Hand Weapons
 d - a +1 whip of electrocution (weapon)
 n - the +5 rapier of Cocytus {antimagic, rF+ rC+++ Will- rCorr}
   (You took it off a necromancer on level 6 of the Lair of Beasts)

   It reduces the magical energy of the wielder, and disrupts the spells and
   magical abilities of those it strikes.
   Natural abilities and divine invocations are not affected.
   rF:        It protects you from fire.
   rC:        It renders you almost immune to cold.
   rCorr:     It protects you from acid and corrosion.
   Will:      It decreases your willpower.
 w - a +1 hand axe of electrocution
 L - a +1 vorpal mace
 S - a +0 falchion of holy wrath
 T - a +0 shortbow of freezing
 V - a +1 whip of distortion
 X - a +3 morningstar
 Z - a +4 dagger of venom
Missiles
 h - 3 silver javelins
 p - 56 poisoned darts
 u - 9 javelins
 U - 11 curare-tipped darts (quivered)
 W - a throwing net
Armour
 c - a +2 buckler (worn)
 f - a +0 hat (worn)
 x - the +1 Delatra's gloves (worn) {ID++}
   (You found it on level 3 of the Dungeon)

   It heals its wearer when they drink unknown potions.
   It restores its wearer's MP when they read unknown scrolls.
 K - a +2 pair of gloves
 M - a +2 ring mail of willpower
 N - the +9 chain mail "Tamav" (worn) {rC- SInv Stlth+}
   (You found it on level 5 of the Dungeon)

   rC:        It makes you vulnerable to cold.
   SInv:      It lets you see invisible.
   Stlth:     It makes you more stealthy.
 Q - +0 acid dragon scales
Jewellery
 a - the ring "Daamuwetank" (right hand) {Fire Drain Will+ Slay+3}
   (You found it on level 7 of the Dungeon)

   [ring of fire]

   It enhances your fire magic.
   Slay:      It affects your accuracy & damage with ranged weapons and melee
   (+3).
   rF:        It protects you from fire.
   rC:        It makes you vulnerable to cold.
   Drain:     It drains your maximum health when unequipped.
   Will:      It increases your willpower.
 i - an amulet of magic regeneration
 j - the amulet of the Coward (around neck) {rPois rF- rC+ Regen+}
   (You found it on level 6 of the Lair of Beasts)

   [amulet of regeneration]

   rF:        It makes you vulnerable to fire.
   rC:        It protects you from cold.
   rPois:     It protects you from poison.
   Regen:     It increases your rate of health regeneration.
 k - an amulet of guardian spirit
 l - a ring of see invisible
 z - a ring of protection from cold (left hand)
 B - a ring of resist corrosion
 C - a +6 ring of intelligence
Wands
 o - a wand of flame (5)
 q - a wand of mindburst (5)
 E - a wand of charming (2)
 J - a wand of iceblast (15)
Scrolls
 e - a scroll of blinking
 g - 5 scrolls of teleportation
 m - 3 scrolls of fear
 v - a scroll of immolation
 y - 2 scrolls of torment
 F - a scroll of magic mapping
 I - a scroll of fog
 P - 2 scrolls of holy word
 R - 3 scrolls of vulnerability
Potions
 b - a potion of mutation
 s - 4 potions of might
 A - 2 potions of magic
 D - 3 potions of lignification
 G - 3 potions of haste
 H - a potion of flight
 O - 5 potions of curing
 Y - a potion of resistance


   Skills:
 - Level 14.8 Fighting
 - Level 3.0(9.0) Axes
 + Level 14.1(14.3) Maces & Flails
 - Level 14.0 Armour
 - Level 6.4 Shields
 - Level 14.2 Invocations


You had 14 spell levels left.
You didn't know any spells.
Your spell library contained the following spells:

 Spells                   Type           Power      Damage    Failure   Level
 Animate Skeleton         Necr           0%         N/A       93%         1
 Pain                     Necr           0%         1d4       93%         1
 Sandblast                Erth           0%         2d4       93%         1
 Slow                     Hex            0%         N/A       93%         1
 Corpse Rot               Necr/Air       0%         N/A       98%         2
 Passwall                 Tmut/Erth      0%         N/A       98%         2
 Poisonous Vapours        Pois/Air       0%         N/A       98%         2
 Call Canine Familiar     Summ           0%         N/A       100%        3
 Confusing Touch          Hex            0%         N/A       100%        3
 Portal Projectile        Hex/Tloc       0%         N/A       100%        3
 Stone Arrow              Conj/Erth      0%         3d7       100%        3
 Tukima's Dance           Hex            0%         N/A       100%        3
 Vampiric Draining        Necr           0%         2d6       100%        3
 Leda's Liquefaction      Hex/Erth       0%         N/A       100%        4
 Passage of Golubria      Tloc           0%         N/A       100%        4
 Petrify                  Tmut/Erth      0%         N/A       100%        4
 Alistair's Intoxication  Tmut/Pois      0%         N/A       100%        5
 Borgnjor's Vile Clutch   Necr/Erth      0%         N/A       100%        5
 Irradiate                Conj/Tmut      0%         3d14      100%        5
 Yara's Violent Unravell  Hex/Tmut       0%         3d3       100%        5
 Eringya's Noxious Bog    Tmut/Pois      0%         N/A       100%        6
 Sublimation of Blood     Necr           Unusable   N/A       N/A         2

Dungeon Overview and Level Annotations

Branches:
Dungeon (11/15)            Temple (1/1) D:7            Lair (6/6) D:11
  Swamp (0/4) Lair:4       Spider (0/4) Lair:3        Slime (0/5) Lair:6
    Orc: D:9-12

Altars:
Ashenzari
Cheibriados
Dithmenos
Elyvilon
Fedhas
Gozag
Hepliaklqana
Kikubaaqudgha
Makhleb
Nemelex Xobeh
Okawaru
Qazlal
Ru
Sif Muna
Trog
Uskayaw
Vehumet
Wu Jian
Xom
Yredelemnul
Zin
The Shining One
Jiyva

Shops:
D:3 (   D:7 *   D:11 !

Portals:
Trove: D:10 (give 2 scrolls of acquirement)

Annotations:
Lair:2 2 transporters, Wovaurio's ghost, journeyman GrEE
Lair:5 3 runed translucent doors, croobank's ghost, journeyman HOFi


Innate Abilities, Weirdness & Mutations

You are immune to sickness and miasma.
Your stone body is resilient. (AC +11)
You are immune to poison.
Your large and strong wings let you fly.
You resist negative energy. (rN+)
You are resistant to electric shocks. (rElec)
You are resistant to unholy torment.
You are immune to petrification.
Your flesh is heat resistant. (rF+)
Your spells are a little harder to cast, but a little more powerful.


Message History

Your orange demon stings the phantasmal warrior but does no damage.
Your orange demon completely misses the phantasmal warrior.
Your orange demon hits the phantasmal warrior.
The phantasmal warrior looks weaker.
You barely miss the phantasmal warrior.
The phantasmal warrior is heavily damaged.
The phantasmal warrior hits you but does no damage.
You barely miss the phantasmal warrior.
The phantasmal warrior is heavily damaged.
Your orange demon stings the phantasmal warrior but does no damage.
Your orange demon hits the phantasmal warrior.
You strike the helpless phantasmal warrior from behind!
You hit the phantasmal warrior but do no damage.
Lightning courses through the phantasmal warrior!
The phantasmal warrior is severely damaged.
The phantasmal warrior completely misses you.
You barely miss the phantasmal warrior.
The phantasmal warrior is severely damaged.
Your orange demon barely misses the phantasmal warrior.
Your orange demon hits the phantasmal warrior but does no damage.
You block the phantasmal warrior's attack.
The skeletal warrior hits you but does no damage.
You hit the phantasmal warrior but do no damage.
The phantasmal warrior is severely damaged.
You whack the phantasmal warrior!
The phantasmal warrior is almost destroyed.
Your orange demon barely misses the phantasmal warrior.
Your orange demon hits the phantasmal warrior!
The phantasmal warrior is destroyed!
Makhleb accepts your kill.
The skeletal warrior hits you but does no damage.
You hit the skeletal warrior but do no damage.
Lightning courses through the skeletal warrior!
The skeletal warrior is lightly damaged.
You hit the skeletal warrior but do no damage.
The skeletal warrior is lightly damaged.
Your orange demon stings the skeletal warrior!
Your orange demon closely misses the skeletal warrior.
The skeletal warrior hits you with a +1 scimitar!
You die...

.................########
..............>..#
.............#####
..####.......#...# ..#
#.......#...# ..#
#....)).#..########
..####....[).#..##.....#
....)........).........#
..[..........#..@z.....#
.............#..4......#
.............#..##.....#
######.......#..###'####
# .'.......#....[....# #
.#.......#####)....# '
..#...W.p.#..##.....# #.
#....)....# #..
#.........#


You could see a skeletal warrior (ally target) and a friendly orange demon
(summoned).

Vanquished Creatures
  5 dire elephants (Lair:6)
  4 hydras
  3 catoblepae
  2 two-headed ogres (D:8)
  2 boulder beetles
  A death knight (D:11)
  16 death yaks
  Urug (D:11)
  Nergalle (Lair:3)
  A spectral anaconda (Lair:6)
  2 bog bodies (Lair:4)
  4 necromancers (Lair:6)
  The ghost of qwertyui the Skirmisher, a novice MiFi (D:6)
  An obsidian statue (Lair:6)
  An oklob plant (Lair:6)
  2 cyclopes
  A manticore (D:11)
  13 elephants
  3 black mambas
  A dire elephant skeleton (Lair:6)
  A torpor snail (Lair:2)
  14 cane toads
  3 rime drakes (Lair:6)
  10 komodo dragons
  A freezing wraith (D:11)
  2 polar bears (Lair:2)
  2 hornets
  15 blink frogs
  9 dream sheep
  A vampire (D:11)
  40 yaks
  8 wyverns
  4 basilisks
  2 fire bats (Lair:2)
  A fire elemental (Lair:2)
  2 wraiths (D:9)
  3 steam dragons
  2 wargs (D:10)
  3 swamp worms (Lair:4)
  4 acid dragons
  A spectral cane toad (Lair:6)
  21 water moccasins
  A black bear (D:8)
  2 ice beasts (D:7)
  An elephant zombie (Lair:6)
  An ogre (D:5)
  10 orc warriors
  3 centaurs
  5 wolves (Lair:2)
  3 phantoms (D:6)
  13 kobold brigands
  17 bullfrogs
  6 necrophages (Lair:3)
  2 scorpions (D:4)
  2 cane toad simulacra (Lair:6)
  8 wights (D:10)
  11 killer bees (D:9)
  10 howler monkeys
  2 electric eels
  5 hounds
  7 orc priests
  A gnoll shaman (D:4)
  8 iguanas
  17 orc wizards
  11 gnolls
  4 adders
  A shadow imp (D:8)
  A white imp (D:6)
  6 worms
  3 dart slugs
  39 orcs
  9 endoplasms
  3 giant cockroaches
  8 goblins
  13 hobgoblins
  5 jackals (D:1)
  13 kobolds
  5 quokkas
  A ball python (D:2)
  2 bats (D:1)
  6 frilled lizards (D:1)
  6 rats
  A withered plant (Lair:6)
486 creatures vanquished.

Vanquished Creatures (collateral kills)
  Gastronok (Lair:3)
  5 death yaks
  A phantasmal warrior (D:11)
  A rime drake (Lair:4)
  4 blink frogs (Lair:3)
  2 dream sheep (Lair:4)
  A water moccasin (Lair:4)
  An orc priest (D:11)
  An orc wizard (D:11)
  2 orcs (D:11)
19 creatures vanquished.

Vanquished Creatures (others)
  Erolcha (D:9)
  A human (D:6)
  An orc (D:8)
  33 fungi
  34 plants
  21 withered plants (Lair:6)
91 creatures vanquished.

Grand Total: 596 creatures vanquished

Notes
Turn   | Place    | Note
-------+----------+-------------------------------------------
     0 | D:1      | bwicke the Gargoyle Fighter began the quest for the Orb.
     0 | D:1      | Reached XP level 1. HP: 14/14 MP: 1/1
    31 | D:1      | Found a faded altar of an unknown god.
    61 | D:1      | Reached XP level 2. HP: 17/19 MP: 2/2
   729 | D:1      | Reached XP level 3. HP: 20/23 MP: 3/3
  1606 | D:2      | Reached XP level 4. HP: 28/28 MP: 4/4
  2593 | D:3      | Reached XP level 5. HP: 19/32 MP: 3/5
  2874 | D:2      | Reached skill level 5 in Maces & Flails
  3078 | D:3      | Found the +1 Delatra's gloves {ID++}
  3415 | D:3      | Found Asim's Weapon Emporium.
  3850 | D:3      | Found a bloodstained altar of Trog.
  4074 | D:4      | Reached XP level 6. HP: 37/37 MP: 6/6
  4098 | D:4      | Reached skill level 5 in Shields
  4187 | D:4      | Reached XP level 7. HP: 10/41 MP: 2/7
  5125 | D:5      | Entered Level 5 of the Dungeon
  5428 | D:5      | Identified the +9 chain mail "Tamav" {rC- SInv Stlth+}
  5468 | D:5      | Reached skill level 5 in Fighting
  6172 | D:6      | Reached skill level 1 in Axes
  6192 | D:6      | Reached XP level 8. HP: 51/51 MP: 8/8
  6386 | D:6      | Found a runed translucent gate.
  6386 | D:6      | Found a runed translucent gate.
  6386 | D:6      | Found a runed translucent gate.
  6388 | D:6      | Noticed qwertyui's ghost (novice MiFi)
  6486 | D:6      | Reached skill level 5 in Armour
  6601 | D:6      | Found an ancient bone altar of Kikubaaqudgha.
  6750 | D:6      | Found an opulent altar of Gozag.
  6898 | D:6      | Killed qwertyui's ghost
  6899 | D:6      | Reached XP level 9. HP: 55/55 MP: 9/9
  6903 | D:6      | Gained mutation: Your flesh is heat resistant. (rF+)
                  | [potion of mutation]
  6903 | D:6      | Gained mutation: Your spells are a little harder to cast,
                  | but a little more powerful. [potion of mutation]
  7370 | D:7      | Identified the ring "Daamuwetank" {Fire Drain Will+ Slay+3}
  7375 | D:7      | Found Foohaif's Assorted Antiques.
  7674 | D:7      | Reached XP level 10. HP: 51/60 MP: 10/10
  7834 | D:7      | Found a staircase to the Ecumenical Temple.
  7900 | Temple   | Entered the Ecumenical Temple
  8023 | Temple   | Became a worshipper of Makhleb the Destroyer
  8257 | D:8      | Reached skill level 10 in Maces & Flails
  8417 | D:8      | Noticed a two-headed ogre
  8608 | D:8      | Noticed a two-headed ogre
  8623 | D:8      | Killed a two-headed ogre
  8642 | D:8      | Killed a two-headed ogre
  8642 | D:8      | Reached * piety under Makhleb
  9447 | D:9      | Reached XP level 11. HP: 68/68 MP: 11/11
  9495 | D:9      | Found a shadowy altar of Dithmenos.
  9562 | D:9      | Noticed a cyclops
  9569 | D:9      | Killed a cyclops
  9625 | D:9      | Noticed Erolcha
  9661 | D:9      | Killed Erolcha
  9811 | D:9      | Found a shimmering altar of Xom.
  9812 | D:9      | Found a basalt altar of Yredelemnul.
  9813 | D:9      | Found an ornate altar of the Wu Jian Council.
  9813 | D:9      | Found a radiant altar of Vehumet.
  9988 | D:9      | Reached skill level 10 in Fighting
 10005 | D:9      | Reached skill level 1 in Invocations
 10036 | D:9      | Reached ** piety under Makhleb
 10342 | D:10     | Entered Level 10 of the Dungeon
 10385 | D:10     | Reached skill level 5 in Invocations
 10512 | D:10     | Found a portal to a secret trove of treasure.
 11013 | D:11     | Found a staircase to the Lair.
 11103 | D:11     | Found Fabiypt's Distillery.
 11110 | D:11     | Noticed a boulder beetle
 11126 | D:10     | Reached *** piety under Makhleb
 11371 | D:10     | Killed a boulder beetle
 11543 | D:11     | Bought a potion of curing for 45 gold pieces
 11736 | D:11     | Reached XP level 12. HP: 76/77 MP: 18/18
 11762 | D:11     | Noticed a death knight
 11899 | Lair:1   | Entered Level 1 of the Lair of Beasts
 11957 | Lair:1   | Reached skill level 10 in Invocations
 12204 | Lair:1   | Noticed a death yak
 12204 | Lair:1   | Noticed a death yak
 12204 | Lair:1   | Noticed a death yak
 12204 | Lair:1   | Noticed a death yak
 12206 | Lair:1   | Noticed a death yak
 12261 | Lair:1   | Killed a death yak
 12262 | Lair:1   | Killed a death yak
 12271 | Lair:1   | Killed a death yak
 12278 | Lair:1   | Killed a death yak
 12279 | Lair:1   | Reached skill level 10 in Armour
 12291 | Lair:1   | Killed a death yak
 12875 | Lair:1   | Reached **** piety under Makhleb
 13467 | Lair:2   | Noticed a death yak
 13470 | Lair:2   | Noticed a four-headed hydra
 13473 | Lair:2   | Found a transporter.
 13477 | Lair:2   | Noticed Wovaurio's ghost (journeyman GrEE)
 13715 | Lair:2   | Reached XP level 13. HP: 82/82 MP: 18/20
 13977 | Lair:2   | Found a transporter.
 14157 | Lair:2   | You fall into a shaft and drop 2 floors!
 14663 | Lair:4   | Reached ***** piety under Makhleb
 15382 | Lair:4   | Found a staircase to the Swamp.
 16041 | Lair:3   | Gained mutation: Your large and strong wings let you fly.
                  | [Gargoyle growth]
 16041 | Lair:3   | Reached XP level 14. HP: 94/94 MP: 22/22
 16139 | Lair:3   | Noticed Nergalle
 16173 | Lair:3   | Killed Nergalle
 16501 | Lair:3   | Noticed Gastronok
 16503 | Lair:3   | Found a hole to the Spider Nest.
 16515 | Lair:3   | Killed Gastronok
 17233 | Lair:5   | Noticed croobank's ghost (journeyman HOFi)
 17250 | Lair:5   | Found a runed translucent gate.
 17250 | Lair:5   | Found a runed translucent gate.
 17250 | Lair:5   | Found a runed translucent gate.
 18390 | Lair:6   | Entered Level 6 of the Lair of Beasts
 18822 | Lair:6   | Identified the +3 leather armour of the Lizard {rPois rF-
                  | Str+4 Dex+2}
 18853 | Lair:6   | Found a viscous altar of Jiyva.
 18853 | Lair:6   | Found a staircase to the Slime Pits.
 18894 | Lair:6   | Noticed a dire elephant
 18894 | Lair:6   | Noticed a dire elephant
 18894 | Lair:6   | Noticed a dire elephant
 19919 | Lair:6   | Identified the +5 rapier of Cocytus {antimagic, rF+ rC+++
                  | Will- rCorr}
 19921 | Lair:6   | Noticed a dire elephant
 20072 | Lair:6   | Reached XP level 15. HP: 101/101 MP: 25/25
 20878 | Lair:6   | Identified the amulet of the Coward {rPois rF- rC+ Regen+}
 21308 | D:11     | Noticed Urug
 21330 | D:11     | Killed Urug
 21501 | D:11     | Identified the +1 chain mail of Valiance {rF+}
 21597 | D:11     | HP: 5/101 [phantasmal warrior[a death knight] (7)]
 21607 | D:11     | Slain by a skeletal warrior

Illustrated notes

Levels and vault maps discovered:
D:1:      scummos_arrival_hexagon, layout_loops_cross, basic_ecumenical_altar
D:2:      minmay_alternating_diamond, layout_loops_cross,
          hangedman_decor_growths, minmay_distorted
D:3:      layout_basic, lightli_temple_of_fire, serial_shops,
          nicolae_shop_bloodbath_and_beyond, pf_guarded_unrand_delatra
D:4:      layout_basic
D:5:      layout_basic
D:6:      layout_basic, mainiacjoe_overflow_alcove_2, tgw_kikubaaqudgha,
          gammafunk_ghost_nasty_kobolds, kennysheep_small_square
D:7:      layout_gridville, temple_pool_b, serial_shops, shop
D:8:      layout_cave_pools, st_stairs_8, sigmund_army
D:9:      layout_rooms, nicolae_dithmenos_shadow_blocks,
          mainiacjoe_overflow_alcove_3, solitary_fountain,
          minmay_joined_circles, uniq_erolcha
D:10:     layout_basic, nicolae_trove_entry_crossroad
D:11:     layout_gridville, erik_lair_orcish_takeover, serial_shops,
          nicolae_stop_n_shop_2, uniq_urug
Temple:   eino_temple_water
Lair:1:   layout_big_grid, chequers_serial_rivers_micro_e, serial_bayou_pond_c,
          hibernation_bobbens
Lair:2:   layout_gridlike, nzn_ghost_randoct
Lair:3:   beast_lair_carwin_large_3, layout_gridlike, dummy_spider_entry,
          roderic_carrion_pond, uniq_nergalle, uniq_gastronok
Lair:4:   layout_regular_city, nicolae_swamp_entry_splash_gauntlet
Lair:5:   layout_long_grid, maelrawn_ghost_gauntlet_escape
Lair:6:   due_jungle_book, layout_cave_pods, slime_altar_1, serial_bayou_pond_a,
          grunt_forest_small_clearing_treed, grunt_megastairs_4,
          infiniplex_staircase_pool

Skill      XL: |  1  2  3  4  5  6  7  8  9 10 11 12 13 14 15 |
---------------+----------------------------------------------+-----
Maces & Flails | 3 4 5 9 11 12 14 | 14.1
Shields        | 4 6 |  6.4
Fighting       | 6 8 10 13 14 | 14.8
Axes           | 2 3 |  3.0
Armour         | 8 13 14 | 14.0
Invocations    | 8 10 11 14 | 14.2

Action                   |  1- 3 |  4- 6 |  7- 9 | 10-12 | 13-15 || total
-------------------------+-------+-------+-------+-------+-------++-------
Melee: Flail             |   129 |    74 |       |       |       ||   203
       Hand axe          |       |    66 |   274 |       |       ||   340
       Whip              |       |       |    55 |   937 |  1429 ||  2421
       Unarmed           |       |       |     7 |       |       ||     7
       Dagger            |       |       |       |       |     8 ||     8
       Rapier            |       |       |       |       |    22 ||    22
Throw: Dart              |     2 |       |       |     5 |     5 ||    12
       Javelin           |       |     1 |       |       |     1 ||     2
Invok: Minor Destruction |       |       |       |     7 |    11 ||    18
       Lesser Servant of |       |       |       |     2 |     6 ||     8
Evoke: Wand              |       |       |       |     1 |     1 ||     2
  Use: Scroll            |       |     4 |     3 |    11 |     6 ||    24
       Potion            |       |     2 |     5 |     4 |     3 ||    14
 Stab: Distracted        |       |       |       |       |     1 ||     1
Armor: Scale mail        |    75 |    93 |    14 |       |       ||   182
       Chain mail        |       |       |   205 |   353 |   575 ||  1133
       Skin              |       |       |       |    11 |       ||    11
Dodge: Dodged            |    72 |    67 |   160 |   198 |   235 ||   732
Block: Buckler           |    28 |    27 |    76 |   151 |   240 ||   522

Table legend: (Time is in decaauts)
 A = Elapsed time spent in this place.
 B = Non-inter-level travel time spent in this place.
 C = Inter-level travel time spent in this place.
 D = Time resting spent in this place.
 E = Time spent auto-exploring this place.
 F = Levels seen in this place.
 G = Mean time per level.
                   A        B        C        D        E       F      G
               +--------+--------+--------+--------+--------+-----+--------+
         Total |  20613 |  19868 |    745 |   1323 |  12344 |  18 | 1145.2 |
       Dungeon |  11706 |  11348 |    358 |    744 |   7121 |  11 | 1064.2 |
        Temple |    252 |    252 |      0 |      0 |    131 |   1 |  252.0 |
          Lair |   8654 |   8267 |    387 |    579 |   5091 |   6 | 1442.3 |
               +--------+--------+--------+--------+--------+-----+--------+

Top non-repeatable levels by time:
  Lair:6: 2513 daAuts
     D:2: 1564 daAuts
  Lair:4: 1492 daAuts
  Lair:1: 1352 daAuts
     D:1: 1334 daAuts
     D:3: 1231 daAuts
     D:5: 1194 daAuts
  Lair:5: 1184 daAuts
  Lair:3: 1181 daAuts
     D:4: 1067 daAuts
     D:6: 1066 daAuts
     D:8: 1029 daAuts
    D:10: 951 daAuts
  Lair:2: 930 daAuts
     D:9: 843 daAuts
